 Dungeon Crawl Stone Soup version 0.23.2-40-g277498a001 (webtiles) character file.

Game seed: 16763156605104550616

159 Frank2 the Chopper (level 4, -3/37 HPs)
             Began as a Demigod Gladiator on Sept 3, 2019.
             Slain by a white imp (4 damage)
             ... summoned by Eustachio
             ... on level 4 of the Dungeon.
             The game lasted 00:03:20 (2082 turns).

Frank2 the Chopper (Demigod Gladiator)              Turns: 2082, Time: 00:03:20

Health: -3/37      AC:  7    Str: 17      XL:     4   Next: 95%
Magic:  6/6        EV: 12    Int: 12      God:
Gold:   106        SH:  0    Dex: 18 (19) Spells: 3/3 levels left

rFire    . . .     SeeInvis +   a - +0 war axe
rCold    . . .     Gourm    .   (no shield)
rNeg     . . .     Faith    .   o - +0 ring mail
rPois    .         Spirit   .   c - +1 helmet
rElec    .         Reflect  .   (no cloak)
rCorr    .         Harm     .   (no gloves)
MR       .....                  (no boots)
Stlth    +.........             (no amulet)
HPRegen  0.12/turn              i - ring of see invisible
MPRegen  0.10/turn              (no ring)

@: no status effects
A: high mp 1
a: no special abilities


You were on level 4 of the Dungeon.
You were not hungry.

You visited 1 branch of the dungeon, and saw 4 of its levels.

You collected 196 gold pieces.
You spent 90 gold pieces at shops.

Inventory:

Hand Weapons
 a - a +0 war axe (weapon)
Armour
 c - a +1 helmet (worn)
 e - +0 storm dragon scales
 o - a +0 ring mail (worn)
Jewellery
 i - a ring of see invisible (left hand)
Wands
 p - a wand of random effects (10)
Scrolls
 b - 2 scrolls of fog
 g - a scroll of remove curse
 h - a scroll of teleportation
Potions
 j - a potion of heal wounds
 k - 2 potions of curing
 l - a potion of mutation {unknown}
 n - 2 potions of haste {unknown}
 q - a potion of brilliance
Comestibles
 f - 6 rations


   Skills:
 + Level 2.5 Fighting
 + Level 4.3 Axes
 - Level 1.7 Throwing
 + Level 1.2 Armour
 + Level 3.2 Dodging
 * Level 0.5 Evocations


You had 3 spell levels left.
You didn't know any spells.
Your spell library was empty.

Dungeon Overview and Level Annotations

Branches:
Dungeon (4/15)
 Temple: D:4-7

Annotations:
D:4 Eustachio


Innate Abilities, Weirdness & Mutations

You have an increased reservoir of magic. (+10% MP)


Message History

Evoke which item? (* to show all) (? for menu, Esc to quit)
Aiming: Random Effects
Press: ? - help, Shift-Dir - straight line, f/p - Eustachio
Aim: Eustachio, wielding a +0 rapier and wearing a +0 leather armour (severely wounded) Eustachio seems to speed up.
The white imp hits you but does no damage.
Eustachio casts a spell.
Eustachio blinks!
Evoke which item? (* to show all) (? for menu, Esc to quit)
That's the wrong kind of item! (Use * to select it.) Evoke which item? (* to show all) (? for menu, Esc to quit)
Aiming: Random Effects
Press: ? - help, Shift-Dir - straight line, f/p - Eustachio
Aim: Eustachio, wielding a +0 rapier and wearing a +0 leather armour (severely wounded, fast) Eustachio looks slightly unstable.
Eustachio mumbles some strange words.
The white imp hits you.
* * * LOW HITPOINT WARNING * * *
The white imp freezes you.
You die...

#<.....# #......#
....... #......#
....... #......#
.......
#......#+#####.......
#....................
#.....<............$.
#######..............
#......@ยง.....(
#.......5......
#..............
#........!.....
#..5...........
+..............
#.@######...... ..#
......


You could see Eustachio, a quasit and a white imp.

Vanquished Creatures
  A howler monkey skeleton (D:2)
  5 adders
  2 oozes
  2 adder zombies (D:2)
  3 worms
  4 dart slugs (D:1)
  A leopard gecko (D:3)
  8 orcs
  A ball python (D:2)
  6 bats
  5 giant cockroaches
  11 goblins
  3 hobgoblins
  5 kobolds
  A quokka (D:3)
  A frilled lizard (D:2)
  2 giant cockroach zombies (D:2)
  A jackal skeleton (D:2)
  6 rats
68 creatures vanquished.

Notes
Turn   | Place    | Note
-------+----------+-------------------------------------------
     0 | D:1      | Frank2 the Demigod Gladiator began the quest for the Orb.
     0 | D:1      | Reached XP level 1. HP: 17/17 MP: 3/3
   255 | D:1      | Reached XP level 2. HP: 23/24 MP: 4/4
   352 | D:1      | Reached skill level 3 in Axes
   750 | D:2      | Found Zin's Purification Station.
   750 | D:2      | Found a glowing silver altar of Zin.
   771 | D:2      | Reached XP level 3. HP: 29/29 MP: 5/5
   954 | D:2      | Bought a potion of curing for 90 gold pieces
  1006 | D:2      | Reached skill level 1 in Armour
  1133 | D:2      | Reached XP level 4. HP: 37/37 MP: 6/6
  1265 | D:3      | Found an ornate altar of the Wu Jian Council.
  1305 | D:3      | Reached skill level 4 in Axes
  1798 | D:3      | Found a glowing golden altar of the Shining One.
  2037 | D:4      | Found a basalt altar of Yredelemnul.
  2048 | D:4      | Noticed Eustachio
  2082 | D:4      | HP: 1/37 [white imp[Eustachio] (3)]
  2082 | D:4      | Slain by a white imp

Skill      XL: |  1  2  3  4 |
---------------+-------------+-----
Fighting       | 2 |  2.5
Axes           | 3 4 |  4.3
Dodging        | 3 |  3.2
Armour         | 1 |  1.2
Throwing       | |  1.7
Evocations     | |  0.5

Action                   |  1- 3 |  4- 6 || total
-------------------------+-------+-------++-------
Melee: War axe           |   119 |    86 ||   205
Throw: Throwing net      |       |     3 ||     3
Evoke: Wand              |       |     2 ||     2
  Use: Scroll            |     5 |     3 ||     8
       Potion            |       |     1 ||     1
 Stab: Held in net/web   |       |     2 ||     2
  Eat: Chunk             |       |     4 ||     4
Armor: Leather armour    |     5 |       ||     5
       Ring mail         |    44 |    37 ||    81
Dodge: Dodged            |   100 |    91 ||   191
